 Dungeon Crawl Stone Soup version 0.24-a0-736-g4e6fe308c7 (webtiles) character file.

Game seed: 14901944368044939691, levelgen mode: deterministic

105 Kohma the Conjurer (level 4, -1/36 HPs)
             Began as a Draconian Conjurer on Oct 2, 2019.
             Killed from afar by an orc wizard (4 damage)
             ... with a magic dart
             ... on level 2 of the Dungeon.
             The game lasted 00:11:58 (2366 turns).

Kohma the Conjurer (Draconian Conjurer)             Turns: 2366, Time: 00:11:58

Health: -1/36      AC:  7    Str: 11    XL:     4   Next: 54%
Magic:  3/8        EV: 12    Int: 16    God:
Gold:   73         SH:  0    Dex: 11    Spells: 1/8 levels left

rFire    . . .     SeeInvis .   i - +0 dagger
rCold    . . .     Gourm    .   (no shield)
rNeg     . . .     Faith    .   (armour unavailable)
rPois    .         Spirit   .   (helmet restricted)
rElec    .         Reflect  .   p - +0 cloak
rCorr    .         Harm     .   h - +0 pair of gloves (curse)
MR       .....                  (no boots)
Stlth    ++........             (no amulet)
HPRegen  0.12/turn              (no ring)
MPRegen  0.11/turn              (no ring)

@: no status effects
A: unfitting armour, cold-blooded, AC +5
a: no special abilities


You were on level 2 of the Dungeon.
You were very hungry.

You visited 1 branch of the dungeon, and saw 3 of its levels.

You collected 73 gold pieces.

Inventory:

Hand Weapons
 i - a +0 dagger (weapon)
Missiles
 g - 116 stones (quivered)
 j - 8 javelins
 l - 38 bolts
 q - 16 poisoned darts
Armour
 h - a cursed +0 pair of gloves (worn)
 p - a +0 cloak (worn)
Jewellery
 w - a +4 ring of slaying {unknown}
Scrolls
 a - 2 scrolls of teleportation {unknown}
 c - 2 scrolls of identify {unknown}
 k - 5 scrolls of remove curse {unknown}
 n - a scroll of fear {unknown}
 s - a scroll of enchant armour {unknown}
 u - a scroll of random uselessness {unknown}
 v - a scroll of amnesia {unknown}
Potions
 d - a potion of heal wounds {unknown}
 e - 3 potions of curing {unknown}
 f - a potion of invisibility {unknown}
 m - a potion of degeneration {unknown}
 o - a potion of flight {unknown}
 t - 2 potions of lignification {unknown}
Comestibles
 b - 5 rations
 r - 4 chunks of flesh


   Skills:
 + Level 2.1 Fighting
 - Level 1.7 Dodging
 - Level 1.7 Stealth
 + Level 2.7 Spellcasting
 * Level 5.1 Conjurations


You had one spell level left.
You knew the following spells:

 Your Spells              Type           Power        Failure   Level  Hunger
a - Magic Dart            Conj           ###.         2%          1    #......
b - Searing Ray           Conj           ###...       3%          2    ##.....
c - Iskenderun's Mystic   Conj           ###.....     22%         4    #####..

Your spell library contained the following spells:

 Spells                   Type           Power        Failure   Level  Hunger
 Dazzling Spray           Conj/Hex       ##....       21%         3    ###....
 Force Lance              Conj/Tloc      ##......     54%         4    #####..
 Fulminant Prism          Conj/Hex       ##........   54%         4    #####..


Dungeon Overview and Level Annotations

Branches:
Dungeon (3/15)

Altars:


Innate Abilities, Weirdness & Mutations

Your plain brown scales are hard. (AC +5)
You cannot fit into any form of body armour.
You are cold-blooded and may be slowed by cold attacks.


Message History

Something hits you but does no damage. The orc misses you.
You hit the orc but do no damage.
The orc is severely wounded.
Something hits you but does no damage.
You hit the orc but do no damage.
The orc is severely wounded.
Something hits you but does no damage. The orc hits you with a cursed -2 mace.
* * * LOW HITPOINT WARNING * * *
Something hits you but does no damage.
Casting: Magic Dart (safe; 2% risk of failure)
Confirm with . or Enter, or press ? or * to list all spells.
Aiming: Magic Dart (safe; 2% risk of failure)
Press: ? - help, Shift-Dir - straight line, f - orc
Aim: an orc, wielding a -2 mace and wearing a +0 ring mail (severely wounded)
The magic dart hits the orc but does no damage.
The orc is severely wounded.
You hear some strange, mumbled words.
A magic dart appears from out of thin air!
The magic dart hits you.
You die...

#.###.......+.....'....
###'#.........#.....#....
#......[.........####....
#................####....
#....###.....#...##......
#####'####.....##...#......
#........#.....##...#......
#........#o....##...+......
#........{@........##......
#.....####.................
#.....####.####............
##.......#.................
#......o#.................
##........>................
#......................###.
#......<<..............###+
#...........##....#####....


You could see an orc.

Vanquished Creatures
  Jessica (D:2)
  Terence (D:2)
  An ooze (D:2)
  A worm (D:2)
  A dart slug (D:3)
  3 leopard geckos
  An orc (D:3)
  3 giant cockroaches
  10 goblins
  5 hobgoblins
  A ball python (D:1)
  2 bats
  3 frilled lizards
  2 kobolds (D:1)
  4 rats
39 creatures vanquished.

Notes
Turn   | Place    | Note
-------+----------+-------------------------------------------
     0 | D:1      | Kohma the Draconian Conjurer began the quest for the Orb.
     0 | D:1      | Reached XP level 1. HP: 14/14 MP: 3/3
   367 | D:1      | Reached XP level 2. HP: 22/22 MP: 0/5
   374 | D:1      | Learned a level 2 spell: Searing Ray
   635 | D:1      | Reached skill level 1 in Fighting
  1246 | D:2      | Noticed Jessica
  1256 | D:2      | Killed Jessica
  1256 | D:2      | Reached XP level 3. HP: 8/28 MP: 0/6
  1750 | D:2      | Noticed Terence
  1775 | D:2      | Killed Terence
  1775 | D:2      | Reached skill level 5 in Conjurations
  1775 | D:2      | Reached XP level 4. HP: 23/36 MP: 0/8
  2292 | D:3      | Learned a level 4 spell: Iskenderun's Mystic Blast
  2366 | D:2      | Killed from afar by an orc wizard

Levels and vault maps discovered:
D:1:      dpeg_arrival_pits, layout_basic, hangedman_decor_lopped,
          nrook_loot_triangle
D:2:      layout_basic, first_ration, uniq_terence, uniq_jessica
D:3:      layout_rooms, old_standard_altar, chequers_garden, lemuel_old_faithful

Skill      XL: |  1  2  3 |
---------------+----------+-----
Fighting       | 1 2 |  2.1
Conjurations   | 5 |  5.1
Dodging        | |  1.7
Stealth        | |  1.7
Spellcasting   | |  2.7

Action                   |  1- 3 |  4- 6 || total
-------------------------+-------+-------++-------
Melee: Unarmed           |    24 |       ||    24
       Dagger            |    35 |    26 ||    61
       Tailslap          |     7 |     2 ||     9
Throw: Stone             |     7 |       ||     7
 Cast: Magic Dart        |    56 |    12 ||    68
       Searing Ray       |     1 |     4 ||     5
       Iskenderun's Myst |       |     1 ||     1
  Eat: Chunk             |     2 |     3 ||     5
Armor: Skin              |    32 |    23 ||    55
Dodge: Dodged            |    55 |    30 ||    85

Table legend:
 A = Non-vault XP
 B = Vault XP
 C = Vault XP percentage of total XP
 D = Non-vault monster count
 E = Vault monster count
 F = Vault count percentage of total count
                 A         B        C        D         E       F
            +---------+---------+-------+---------+---------+-------
      Total |      78 |      73 |  48.3 |      37 |       2 |   5.1
            +---------+---------+-------+---------+---------+-------
        D:1 |      33 |       0 |   0.0 |      19 |       0 |   0.0
        D:2 |      37 |      73 |  66.4 |      15 |       2 |  11.8
        D:3 |       8 |       0 |   0.0 |       3 |       0 |   0.0
            +---------+---------+-------+---------+---------+-------
